 Dungeon Crawl Stone Soup version 0.23-a0-449-g8e4cbf7 (webtiles) character file.

1183 Lavandula the Zephyrmancer (level 8, 0/68 HPs)
             Began as a Naga Air Elementalist on Nov 22, 2018.
             Was an Initiate of Ru.
             Slain by an orc warrior
             ... wielding a +0 hand axe
              (4 damage)
             ... on level 8 of the Dungeon.
             The game lasted 00:14:53 (2344 turns).

Lavandula the Zephyrmancer (Naga Air Elementalist)  Turns: 2344, Time: 00:14:54

Health: 0/68       AC:  7    Str: 11    XL:     8   Next: 42%
Magic:  7/14       EV:  8    Int: 18    God:    Ru [......]
Gold:   243        SH:  0    Dex: 11    Spells: 5/15 levels left

rFire    . . .     SeeInvis +   e - +0 scimitar
rCold    . . .     Gourm    .   (no shield)
rNeg     + + .     Faith    .   s - +2 ring mail of the Bulwark {rN+}
rPois    +         Spirit   .   (no helmet)
rElec    .         Reflect  .   (no cloak)
rCorr    .         Harm     .   (no gloves)
MR       +....                  (no barding)
Stlth    +.........             (no amulet)
HPRegen  0.21/turn              o - ring of positive energy
MPRegen  0.14/turn              (no ring)

@: about to teleport, very slightly contaminated, very slow
A: large, see invisible, deformed body, poison resistance, slowness 2, slow
metabolism 1, spit poison 1, AC +2
a: Spit Poison, Renounce Religion


You were on level 8 of the Dungeon.
You worshipped Ru.
Ru was noncommittal.
You were not hungry.

You visited 1 branch of the dungeon, and saw 8 of its levels.
You also visited: Sewer.

You collected 243 gold pieces.

Inventory:

Hand Weapons
 e - a +0 scimitar (weapon)
 f - a +0 short sword
 t - a +3 halberd
 w - a +1 dagger of venom
Missiles
 h - 3 tomahawks
 j - 5 javelins (quivered)
 v - a throwing net
Armour
 g - a +2 robe of magic resistance
 p - a +0 robe
 s - the +2 ring mail of the Bulwark (worn) {rN+}
   (You found it on level 5 of the Dungeon)

   It protects you from negative energy.
Jewellery
 o - a ring of positive energy (left hand)
Wands
 i - a wand of paralysis (15)
 u - a wand of clouds (3)
Scrolls
 d - 5 scrolls of teleportation
 k - 2 scrolls of magic mapping {unknown}
 l - 2 scrolls of enchant weapon {unknown}
 m - a scroll of fear {unknown}
 n - a scroll of enchant armour {unknown}
 r - a scroll of summoning {unknown}
Potions
 a - a potion of brilliance
 q - a potion of resistance
Comestibles
 c - 5 rations


   Skills:
 + Level 2.4 Fighting
 - Level 1.5 Dodging
 - Level 3.0 Stealth
 - Level 4.2 Spellcasting
 - Level 1.0 Conjurations
 - Level 9.0 Air Magic


You had 5 spell levels left.
You knew the following spells:

 Your Spells              Type           Power        Failure   Level  Hunger
a - Shock                 Conj/Air       ###.         4%          1    None
b - Swiftness             Chrm/Air       ###.....     9%          2    ##.....
c - Static Discharge      Conj/Air       ###.....     14%         3    ###....
d - Airstrike             Air            #####.....   9%          4    ####...

Your spell library contained the following spells:

 Spells                   Type           Power        Failure   Level  Hunger
 Lightning Bolt           Conj/Air       ###.......   77%         5    ######.


Dungeon Overview and Level Annotations

Branches:
Dungeon (8/15)
 Temple: D:4-7         Lair: D:8-11

Altars:
Ashenzari
Ru

Annotations:
D:8 exclusion: killer bee


Innate Abilities, Weirdness & Mutations

You cannot wear boots.
Your serpentine skin is tough. (AC +2)
You have supernaturally acute eyesight. (SInv)
Armour fits poorly on your strangely shaped body.
Your system is resistant to poisons. (rPois)
You cover ground very slowly.
You have a slow metabolism.
You can spit poison.


Message History

Confirm with . or Enter, or press ? or * to list all spells.
Aiming: Shock (safe; 4% risk of failure)
Press: ? - help, Shift-Dir - straight line
Okay, then.
Press: ? - help, Shift-Dir - straight line, f - orc warrior
Aim: an orc warrior, wielding a +0 hand axe and wearing a +0 plate armour The splash of poison hits the orc warrior.
The orc warrior appears unharmed.
The orc warrior is heavily wounded.
You feel slightly more hungry.
The orc warrior hits you with a +0 hand axe!
* * * LOW HITPOINT WARNING * * *
You feel better.
The orc warrior hits you with a +0 hand axe!
* * * LOW HITPOINT WARNING * * *
As you read the scroll of teleportation, it crumbles to dust.
You feel strangely unstable.
You have got your breath back.
The orc warrior hits you with a +0 hand axe.
You die...

##. #.#.# #..# #.. #.#.#
#..# ###.####.#.# #..# #
#.....##.#.# #%.#
#.##.#.#.##.#.###.>##
#.....#.....)........
#..#######.###..........###
#.......o## ##.##.######
#/.######@###.###.#


)(o ##.#.## #.# # #..########.## #.# #......<....# #.# #..########## #.. You
could see an orc warrior.

Vanquished Creatures
  2 phantoms
  3 big kobolds (Sewer)
  Blork the orc (D:4)
  A wyvern skeleton (D:6)
  2 howler monkeys
  2 crimson imps (D:5)
  A bullfrog zombie (D:4)
  A hound (D:4)
  A centaur zombie (D:6)
  2 centaur skeletons (D:4)
  An orc priest (D:8)
  Ijyb (D:3)
  An iguana (D:8)
  An orc wizard (D:6)
  Natasha (D:2)
  A worker ant (D:4)
  A hound zombie (D:5)
  A worker ant zombie (D:5)
  6 gnolls
  6 adders
  3 river rats
  2 oozes
  A worm (Sewer)
  2 dart slugs (D:2)
  A leopard gecko (D:1)
  6 orcs
  7 bats
  2 goblins
  4 hobgoblins
  7 kobolds
  2 quokkas
  3 ball pythons
  5 rats
81 creatures vanquished.

Notes
Turn   | Place    | Note
-------+----------+-------------------------------------------
     0 | D:1      | Lavandula the Naga Air Elementalist began the quest for the
                  | Orb.
     0 | D:1      | Reached XP level 1. HP: 15/15 MP: 3/3
    56 | D:1      | Reached XP level 2. HP: 22/22 MP: 2/5
   181 | D:1      | Reached XP level 3. HP: 8/28 MP: 2/7
   599 | D:2      | Noticed Natasha
   690 | D:2      | Killed Natasha
   690 | D:2      | Reached XP level 4. HP: 23/36 MP: 8/10
   869 | D:3      | Noticed Ijyb
   879 | D:3      | Killed Ijyb
   879 | D:3      | Reached XP level 5. HP: 16/42 MP: 3/11
   934 | D:4      | Noticed Blork the orc
   951 | D:4      | Killed Blork the orc
   951 | D:4      | Reached skill level 4 in Air Magic
  1000 | D:4      | Found a shattered altar of Ashenzari.
  1017 | D:4      | Reached skill level 5 in Air Magic
  1017 | D:4      | Reached XP level 6. HP: 15/49 MP: 3/12
  1101 | D:4      | Found a glowing drain.
  1113 | D:4      | HP: 2/49 [river rat (9)]
  1146 | Sewer    | Entered a sewer
  1212 | Sewer    | Reached skill level 6 in Air Magic
  1267 | Sewer    | Reached XP level 7. HP: 32/55 MP: 5/13
  1276 | Sewer    | Learned a level 2 spell: Swiftness
  1280 | Sewer    | Learned a level 3 spell: Static Discharge
  1285 | Sewer    | Learned a level 4 spell: Airstrike
  1384 | Sewer    | Reached skill level 7 in Air Magic
  1432 | D:5      | Entered Level 5 of the Dungeon
  1494 | D:4      | Found a sacrificial altar of Ru.
  1502 | D:4      | Became a worshipper of Ru the Awakened
  1873 | D:5      | Got a slimy ring mail
  1886 | D:5      | Identified the +2 ring mail of the Bulwark {rN+} (You found
                  | it on level 5 of the Dungeon)
  1923 | D:5      | Reached skill level 8 in Air Magic
  1952 | D:6      | Reached XP level 8. HP: 59/62 MP: 4/14
  2131 | D:6      | Reached skill level 9 in Air Magic
  2257 | D:7      | Reached skill level 1 in Fighting
  2342 | D:8      | HP: 3/68 [orc warrior/+0 hand axe (17)]
  2344 | D:8      | Slain by an orc warrior

Vault maps used:
D:1:      beargit_arrival_greenhouse, minivault_24
D:2:      minmay_evil_eye, uniq_natasha
D:3:      vehumet_crystals, serial_rivers, chequers_serial_rivers_marsh,
          chequers_serial_rivers_small_b, chequers_serial_rivers_micro_b,
          chequers_serial_rivers_micro_e, uniq_ijyb, uniq_grinder,
          uniq_crazy_yiuf_cottage
D:4:      cheibrodos_greedy_goblins, nicolae_ru_path_of_blood,
          evilmike_ruin_ashenzari, portal_sewer_entry_a, uniq_blork_the_orc
D:5:      first_ration, corner_web_ring, minivault_26
D:6:      lemuel_round_altar, serial_shops, kennysheep_mini,
          nicolae_shop_overgrown_old_shop, minivault_19, kennysheep_crisscross,
          uniq_eustachio
D:7:      temple_hall
D:8:      minitemple, cheibriados_altar_1, david_nohive_1, st_stairs_2,
          nicolae_qazlal_style_of_elements, uniq_grum, uniq_joseph
Sewer:    sewer_co_tree

Skill      XL: |  1  2  3  4  5  6  7  8 |
---------------+-------------------------+-----
Spellcasting   | 3 4 |  4.2
Air Magic      | 5 6 8 9 |  9.0
Fighting       | 2 |  2.4
Dodging        | |  1.5
Stealth        | |  3.0
Conjurations   | |  1.0

Action                   |  1- 3 |  4- 6 |  7- 9 || total
-------------------------+-------+-------+-------++-------
Melee: Unarmed           |     6 |       |       ||     6
       Short sword       |     5 |       |       ||     5
       Scimitar          |       |       |    31 ||    31
Throw: Javelin           |       |       |     5 ||     5
 Cast: Shock             |    31 |    72 |    86 ||   189
       Static Discharge  |       |       |     2 ||     2
       Airstrike         |       |       |     3 ||     3
 Abil: Spit Poison       |    22 |    15 |    22 ||    59
  Use: Scroll            |       |     3 |     4 ||     7
       Potion            |       |     2 |     1 ||     3
  Eat: Chunk             |       |     3 |     1 ||     4
       Ration            |       |       |     1 ||     1
Armor: Robe              |    22 |     6 |    23 ||    51
       Ring mail         |       |       |    12 ||    12
Dodge: Dodged            |    31 |    21 |    61 ||   113
       Rpst.: Scimitar   |       |     1 |    26 ||    27

Table legend:
 A = Non-vault XP
 B = Vault XP
 C = Vault XP percentage of total XP
 D = Non-vault monster count
 E = Vault monster count
 F = Vault count percentage of total count
                 A         B        C        D         E       F
            +---------+---------+-------+---------+---------+-------
      Total |    1161 |     530 |  31.3 |      62 |      19 |  23.5
            +---------+---------+-------+---------+---------+-------
        D:1 |      31 |       0 |   0.0 |      10 |       0 |   0.0
        D:2 |      70 |      33 |  32.0 |      18 |       1 |   5.3
        D:3 |       5 |      36 |  87.8 |       2 |       1 |  33.3
        D:4 |     220 |     120 |  35.3 |       6 |       6 |  50.0
        D:5 |     359 |       0 |   0.0 |      10 |       0 |   0.0
        D:6 |     267 |       0 |   0.0 |       8 |       0 |   0.0
        D:7 |     130 |       0 |   0.0 |       5 |       0 |   0.0
        D:8 |      79 |       0 |   0.0 |       3 |       0 |   0.0
      Sewer |       0 |     341 | 100.0 |       0 |      11 | 100.0
            +---------+---------+-------+---------+---------+-------
